 Dungeon Crawl Stone Soup version 0.24-a0-584-g9d6b971ae4 (webtiles) character file.

Game seed: 5369499124582890905, levelgen mode: deterministic

114 Peloso the Covered (level 4, -1/41 HPs)
             Began as a Minotaur Fighter on Aug 30, 2019.
             Was an Initiate of Okawaru.
             Succumbed to kobold's curare-tipped dart
             ... on level 3 of the Dungeon.
             The game lasted 00:05:03 (1605 turns).

Peloso the Covered (Minotaur Fighter)               Turns: 1605, Time: 00:05:04

Health: -1/41      AC: 15    Str: 20      XL:     4   Next: 67%
Magic:  3/3        EV:  4    Int:  3 (5)  God:    Okawaru [......]
Gold:   144        SH:  9    Dex: 11      Spells: 3/3 levels left

rFire    . . .     SeeInvis .   a - +0 long sword
rCold    . . .     Gourm    .   c - +0 shield
rNeg     . . .     Faith    .   q - +0 plate armour
rPois    .         Spirit   .   (helmet restricted)
rElec    .         Reflect  .   (no cloak)
rCorr    .         Harm     .   (no gloves)
MR       .....                  p - +2 pair of boots
Stlth    ..........             (no amulet)
HPRegen  0.13/turn              (no ring)
MPRegen  0.08/turn              (no ring)

@: lethally poisoned (-1 -> -22), flying, hasted and slowed
A: retaliatory headbutt, horns 2
a: Renounce Religion


You were on level 3 of the Dungeon.
You worshipped Okawaru.
Okawaru was noncommittal.
You were not hungry.

You visited 1 branch of the dungeon, and saw 3 of its levels.

You collected 144 gold pieces.

Inventory:

Hand Weapons
 a - a +0 long sword (weapon)
 n - a +0 spear of flaming
Armour
 b - a +0 scale mail
 c - a +0 shield (worn)
 p - a +2 pair of boots (worn)
 q - a +0 plate armour (worn)
Wands
 s - a wand of iceblast (2)
Scrolls
 e - a scroll of amnesia {unknown}
 g - 2 scrolls of fear {unknown}
 h - 3 scrolls of identify {unknown}
 i - 2 scrolls of enchant armour {unknown}
 k - a scroll of fog {unknown}
 l - 2 scrolls of enchant weapon {unknown}
 m - a scroll of remove curse {unknown}
 o - a scroll of teleportation {unknown}
Potions
 d - a potion of might
Comestibles
 f - 4 rations


   Skills:
 + Level 4.3 Fighting
 + Level 3.5 Long Blades
 + Level 4.6 Armour
 + Level 1.2 Dodging
 + Level 4.3 Shields


You had 3 spell levels left.
You didn't know any spells.
Your spell library was empty.

Dungeon Overview and Level Annotations

Branches:
Dungeon (3/15)

Altars:
Gozag
Okawaru
Qazlal


Innate Abilities, Weirdness & Mutations

You reflexively headbutt those who attack you in melee.
You have a pair of horns on your head.


Message History

You feel very sick.
The quokka bites you but does no damage.
You block the quokka's attack.
* * * LOW HITPOINT WARNING * * *
You feel very sick.
Unknown command.
* * * LOW HITPOINT WARNING * * *
You feel sick.
The quokka bites you but does no damage.
The kobold hits you but does no damage.
You closely miss the kobold. You headbutt the kobold.
You kill the kobold!
Okawaru accepts your kill.
* * * LOW HITPOINT WARNING * * *
You feel sick.
The quokka bites you but does no damage.
The quokka bites you.
* * * LOW HITPOINT WARNING * * *
You barely miss the quokka.
You die...

##.# #.............#
###....#... ...#
#############.#
#.##.#... #### ## #.#
#.##.#... # .. #.#
#.##.#... # #. #.#
#.##.#... . #.
#.#####.##.#... #
#.###. #.......##.#...
#.....############.#...
#@............##..
#r###############. #(#
## #.# # #.# ..# ###


You could see a quokka.

Vanquished Creatures
  A hound (D:3)
  3 adders
  4 worms
  A dart slug (D:1)
  2 leopard geckos
  4 bats
  2 giant cockroaches (D:1)
  3 goblins
  4 hobgoblins
  8 kobolds
  2 quokkas
  2 ball pythons
  5 frilled lizards
  3 rats (D:1)
44 creatures vanquished.

Notes
Turn   | Place    | Note
-------+----------+-------------------------------------------
     0 | D:1      | Peloso the Minotaur Fighter began the quest for the Orb.
     0 | D:1      | Reached XP level 1. HP: 19/19 MP: 0/0
   258 | D:1      | Reached XP level 2. HP: 27/27 MP: 1/1
   532 | D:2      | Found a stormy altar of Qazlal.
   648 | D:2      | Reached XP level 3. HP: 22/33 MP: 2/2
   762 | D:2      | Found an iron altar of Okawaru.
   780 | D:2      | Became a worshipper of Warmaster Okawaru
  1007 | D:2      | Reached skill level 1 in Dodging
  1309 | D:3      | Reached XP level 4. HP: 33/41 MP: 3/3
  1493 | D:3      | Found an opulent altar of Gozag.
  1604 | D:3      | HP: 2/41 [poisoned by kobold (curare-tipped dart)]
  1605 | D:3      | Succumbed to kobold's curare-tipped dart

Levels and vault maps discovered:
D:1:      noname_arrival_rooms_in_the_neighbourhood, layout_rooms
D:2:      layout_loops_ring, nicolae_qazlal_general_emergency,
          okawaru_ov_weapons_minmay
D:3:      layout_loops_ring, nicolae_ru_awakened_eye, old_standard_altar,
          kennysheep_big_empty_room, st_stairs_7

Skill      XL: |  1  2  3 |
---------------+----------+-----
Fighting       | 4 |  4.3
Shields        | 4 |  4.3
Long Blades    | 3 |  3.5
Armour         | 4 |  4.6
Dodging        | 1 |  1.2

Action                   |  1- 3 |  4- 6 || total
-------------------------+-------+-------++-------
Melee: Long sword        |    93 |    31 ||   124
       Headbutt          |    12 |     4 ||    16
  Use: Potion            |     1 |     2 ||     3
  Eat: Chunk             |     1 |     1 ||     2
Armor: Scale mail        |    36 |       ||    36
       Plate armour      |    16 |    29 ||    45
Dodge: Dodged            |    31 |     6 ||    37
Block: Shield            |    49 |    20 ||    69
       Rpst.: Long sword |     7 |     2 ||     9

Table legend:
 A = Non-vault XP
 B = Vault XP
 C = Vault XP percentage of total XP
 D = Non-vault monster count
 E = Vault monster count
 F = Vault count percentage of total count
                 A         B        C        D         E       F
            +---------+---------+-------+---------+---------+-------
      Total |     147 |      17 |  10.4 |      41 |       3 |   6.8
            +---------+---------+-------+---------+---------+-------
        D:1 |      25 |       0 |   0.0 |      14 |       0 |   0.0
        D:2 |      52 |       0 |   0.0 |      18 |       0 |   0.0
        D:3 |      70 |      17 |  19.5 |       9 |       3 |  25.0
            +---------+---------+-------+---------+---------+-------
